 Dungeon Crawl Stone Soup version 0.29.1-12-g30fa7ad0bf (webtiles) character file.

Game seed: 16501533573248273961

3102 sanboga the Grappler (level 9, 0/89 HPs)
             Began as a Troll Berserker on Dec 18, 2022.
             Was an Elder of Trog.
             Slain by an orc warrior
             ... wielding a +0 trident
              (14 damage)
             ... on level 7 of the Dungeon.
             The game lasted 00:04:50 (4970 turns).

sanboga the Grappler (Troll Berserker)              Turns: 4970, Time: 00:04:51

Health: 0/89       AC:  5    Str: 31    XL:     9   Next: 59%
Magic:  8/8        EV: 15    Int:  3    God:    Trog [****..]
Gold:   324        SH:  0    Dex:  9    Spells: 8/8 levels left

rFire   . . .      SeeInvis .     - Unarmed
rCold   . . .      Faith    .   (no shield)
rNeg    . . .      Spirit   .   a - +0 animal skin
rPois   .          Reflect  .   (helmet restricted)
rElec   .          Harm     .   t - +0 cloak
rCorr   .          Rampage  .   (gloves unavailable)
Will    .....                   (boots unavailable)
Stlth   +.........              (no amulet)
HPRegen 1.04/turn               p - +4 ring of evasion
MPRegen 0.11/turn               (no ring)

@: on berserk cooldown, slowed, very slow
A: large, unfitting armour, claws 3, regeneration 1, shaggy fur 1, tough skin 1
a: Renounce Religion, Berserk, Trog's Hand, Brothers in Arms


You were on level 7 of the Dungeon.
You worshipped Trog.
Trog was greatly pleased with you.
You visited 1 branch of the dungeon, and saw 7 of its levels.

You collected 324 gold pieces.

Inventory:

Armour
 a - a +0 animal skin (worn)
 t - a +0 cloak (worn)
Jewellery
 p - a +4 ring of evasion (left claw)
Scrolls
 c - 3 scrolls of amnesia {unknown}
 d - 2 scrolls of butterflies {unknown}
 e - 6 scrolls of identify
 f - 2 scrolls of magic mapping {unknown}
 h - a scroll of fear
 j - a scroll of enchant weapon {unknown}
 k - 3 scrolls of blinking
 l - a scroll of brand weapon {unknown}
 n - 2 scrolls of vulnerability {unknown}
 o - a scroll of acquirement {unknown}
 q - a scroll of teleportation {unknown}
Potions
 b - 3 potions of heal wounds {unknown}
 g - a potion of lignification {unknown}
 i - 2 potions of flight {unknown}
 m - a potion of brilliance {unknown}
 r - a potion of cancellation {unknown}
 s - a potion of curing {unknown}
 v - a potion of ambrosia {unknown}


   Skills:
 + Level 6.1 Fighting
 + Level 6.1 Dodging
 * Level 10.1 Unarmed Combat


You had 8 spell levels left.
You didn't know any spells.
Your spell library was empty.

Dungeon Overview and Level Annotations

Branches:
Dungeon (7/15)             Temple (0/1) D:4

Altars:
Ashenzari
The Shining One

Shops:
D:2 (   D:4 (


Innate Abilities, Weirdness & Mutations

You are too large for most types of armour.
You have claws for hands.
Your natural rate of healing is unusually fast.
You are covered in fur. (AC +1)
You have tough skin. (AC +1)


Message History

The hobgoblin zombie closely misses you.
You are too injured to fight recklessly!
You are too injured to fight recklessly!
You are too injured to fight recklessly!
You mangle the killer bee!!
You kill the killer bee!
Trog accepts your kill.
You feel sick. The killer bee barely misses you.
The orc warrior hits you from afar with a +0 trident!!
* * * LOW HITPOINT WARNING * * *
You barely miss the killer bee.
You feel sick.
The killer bee stings you but does no damage.
The orc zombie hits you but does no damage.
The iron imp hits you but does no damage.
The hobgoblin zombie barely misses you.
You miss the killer bee.
You feel sick. The killer bee closely misses you.
The orc warrior closely misses you.
You mangle the killer bee!!
You kill the killer bee!
Trog accepts your kill.
You feel sick. The orc zombie barely misses you.
You feel sick.
You feel a strong urge to attack something.
You feel sick.
You are no longer berserk.
You are exhausted.
You feel yourself slow down.
You feel sick.
You see here a scroll labelled ZAUBBA NYGEUGG.
You feel sick.
Something unseen opens the door.
As you read the scroll labelled VUC ZYPTUSAFO, it crumbles to dust.
It is a scroll of identify.
k - 3 scrolls of blinking You feel sick.
The orc zombie closely misses you.
You feel sick.
You feel sick.
You are no longer poisoned.
The orc warrior hits you from afar with a +0 trident!
* * * LOW HITPOINT WARNING * * *
The orc warrior hits you from afar with a +0 trident!
You die...

.....###.'####
.....#.##5...#..##
#.#.....Z?.......#
#......Z5........#
######.#######..#
.#.# #.o.......#
...# ##.o......#
..#
######.o......#
..##
#........@.:..#
...#
##.#######.....#
...## #..# ###
#.....# ....#
#(.##### #....<#
....###....+_+
......#
....##...###+#
#.....# ..#.##.#.#
# #.#####
....##...###.###.#
...##............


You could see an orc warrior, 2 orcs and an orc zombie.

Vanquished Creatures
  Pikel (D:5)
  4 yaks (D:7)
  A water moccasin (D:7)
  A sky beast (D:6)
  2 ice beasts (D:6)
  3 ogres
  A black bear (D:5)
  A lemure (D:5)
  2 kobold brigands (D:6)
  A necrophage (D:7)
  2 scorpions (D:5)
  6 killer bees (D:7)
  A howler monkey (D:4)
  4 hounds
  A quasit (D:5)
  2 jellies
  3 orc priests
  Crazy Yiuf (D:5)
  4 iguanas
  3 orc wizards
  3 gnolls (D:6)
  3 adders
  5 shadow imps
  3 white imps
  4 ufetubi (D:5)
  2 worms
  A dart slug (D:1)
  13 orcs
  6 bats
  5 endoplasms
  3 giant cockroaches
  11 goblins
  6 hobgoblins
  5 jackals
  16 kobolds
  A quokka (D:1)
  11 ball pythons
  4 frilled lizards
  A hobgoblin zombie (D:7)
  A kobold skeleton (D:7)
  6 rats
154 creatures vanquished.

Vanquished Creatures (others)
  17 plants
17 creatures vanquished.

Grand Total: 171 creatures vanquished

Notes
Turn   | Place    | Note
-------+----------+-------------------------------------------
     0 | D:1      | sanboga the Troll Berserker began the quest for the Orb.
     0 | D:1      | Reached XP level 1. HP: 22/22 MP: 0/0
    80 | D:1      | Reached XP level 2. HP: 29/29 MP: 1/1
   879 | D:2      | Reached XP level 3. HP: 36/36 MP: 2/2
   914 | D:2      | Found Doregy's Weapon Emporium.
  1093 | D:2      | Reached ** piety under Trog
  1272 | D:2      | Found a faded altar of an unknown god.
  1567 | D:3      | Reached skill level 4 in Unarmed Combat
  1698 | D:3      | Reached XP level 4. HP: 44/44 MP: 3/3
  2247 | D:4      | Reached XP level 5. HP: 53/53 MP: 4/4
  2269 | D:4      | Reached skill level 5 in Unarmed Combat
  2312 | D:4      | Reached XP level 6. HP: 59/61 MP: 5/5
  2323 | D:4      | Reached *** piety under Trog
  2553 | D:4      | Found a staircase to the Ecumenical Temple.
  2728 | D:4      | Found Fueples's Antique Weapon Emporium.
  2793 | D:5      | Entered Level 5 of the Dungeon
  2874 | D:5      | Noticed Pikel
  2891 | D:5      | Killed Pikel
  2892 | D:5      | Reached skill level 6 in Unarmed Combat
  2892 | D:5      | Reached XP level 7. HP: 14/71 MP: 6/6
  2932 | D:5      | Reached skill level 7 in Unarmed Combat
  3138 | D:5      | Reached XP level 8. HP: 72/79 MP: 7/7
  3549 | D:5      | Found a runed translucent door.
  3550 | D:5      | Noticed Crazy Yiuf
  3557 | D:5      | Killed Crazy Yiuf
  3613 | D:6      | Reached skill level 8 in Unarmed Combat
  3661 | D:6      | Reached **** piety under Trog
  3678 | D:6      | Reached skill level 5 in Fighting
  3707 | D:6      | Reached skill level 5 in Dodging
  4432 | D:6      | Reached skill level 9 in Unarmed Combat
  4432 | D:6      | Reached XP level 9. HP: 54/88 MP: 8/8
  4913 | D:7      | Found a broken altar of Ashenzari.
  4936 | D:7      | Found a glowing golden altar of the Shining One.
  4951 | D:7      | Reached skill level 10 in Unarmed Combat
  4970 | D:7      | Slain by an orc warrior

Illustrated notes

Levels and vault maps discovered:
D:1:      wander_arrival_peaceful_grave, layout_basic, corexii_corridor_pit,
          chequers_serial_rivers_micro_a, minmay_distorted
D:2:      layout_loops_ring, nicolae_ecumenical_snake_handling, serial_shops,
          nicolae_shop_bloodbath_and_beyond
D:3:      layout_loops_ring, serial_bayou_lagoon_a
D:4:      layout_layer_cave, minmay_temple_entry_junction, serial_shops, shop
D:5:      layout_loops_cross, serial_demonic, serial_demonic_e,
          serial_demonic_a, serial_demonic_b, serial_demonic_b,
          uniq_crazy_yiuf_cottage, uniq_pikel
D:6:      layout_basic, lexackson_kobold_supper
D:7:      layout_rooms, nicolae_tso_besieged_by_evil, lemuel_doored_altar,
          nicolae_shop_dragon_depot

Skill      XL: |  1  2  3  4  5  6  7  8  9 |
---------------+----------------------------+-----
Unarmed Combat | 4 5 6 7 9 10 | 10.1
Dodging        | 3 4 5 6 |  6.1
Fighting       | 3 4 5 6 |  6.1

Action                   |  1- 3 |  4- 6 |  7- 9 || total
-------------------------+-------+-------+-------++-------
Melee: Unarmed           |   121 |   102 |   190 ||   413
       Punch             |     2 |     4 |     8 ||    14
Invok: Berserk           |       |     2 |     2 ||     4
  Use: Scroll            |       |     1 |     1 ||     2
 Stab: Sleeping          |     1 |       |       ||     1
Armor: Animal skin       |    31 |    39 |    46 ||   116
Dodge: Dodged            |    72 |    53 |   170 ||   295
